 Dungeon Crawl Stone Soup version 0.27-a0-1136-g0b992a5a9d (webtiles) character file.

Game seed: 6292316357497553219

36 1player the Skirmisher (level 3, -1/30 HPs)
             Began as a Formicid Fighter on May 5, 2021.
             Killed by divine providence
             ... invoked by an orc priest
              (12 damage)
             ... on level 2 of the Dungeon.
             The game lasted 00:07:32 (2400 turns).

1player the Skirmisher (Formicid Fighter)           Turns: 2400, Time: 00:07:33

Health: -1/30      AC:  5    Str: 21    XL:     3   Next: 57%
Magic:  3/3        EV: 10    Int:  7    God:
Gold:   108        SH:  0    Dex: 10    Spells: 2/2 levels left

rFire    . . .     SeeInvis +   a - +0 long sword
rCold    . . .     Faith    .   (no shield)
rNeg     . . .     Spirit   .   t - +0 ring mail
rPois    .         Reflect  .   (helmet unavailable)
rElec    .         Harm     .   (no cloak)
rCorr    .         Rampage  .   (no gloves)
Will     .....                  (no boots)
Stlth    ..........             (no amulet)
HPRegen  0.10/turn              (no ring)
MPRegen  0.08/turn              (no ring)

@: mighty
A: permanent stasis, dig shafts and tunnels, antennae 3, four strong arms
a: Dig, Shaft Self


You were on level 2 of the Dungeon.
You visited 1 branch of the dungeon, and saw 3 of its levels.

You collected 108 gold pieces.

Inventory:

Hand Weapons
 a - a +0 long sword (weapon)
 g - a +0 dagger
Missiles
 m - 42 sling bullets
Armour
 b - a +0 scale mail
 c - a +0 kite shield
 t - a +0 ring mail (worn)
Scrolls
 j - a scroll of magic mapping
 k - a scroll of holy word {unknown}
 l - a scroll of enchant armour {unknown}
 o - a scroll of noise {unknown}
 r - a scroll of enchant weapon {unknown}
 s - a scroll of identify {unknown}
Potions
 d - a potion of might
 f - a potion of brilliance {unknown}
 h - a potion of berserk rage {unknown}
 i - a potion of curing {unknown}
 n - a potion of haste {unknown}
 p - a potion of degeneration {unknown}
 q - 2 potions of flight {unknown}
 u - 2 potions of ambrosia {unknown}


   Skills:
 + Level 4.1 Fighting
 + Level 2.9 Long Blades
 - Level 3.2 Armour
 - Level 3.6 Shields


You had 2 spell levels left.
You didn't know any spells.
Your spell library contained the following spells:

 Spells                   Type           Power      Damage    Failure   Level
 Call Imp                 Summ           0%         N/A       75%         2
 Passage of Golubria      Tloc           N/A        N/A       100%        4
 Malign Gateway           Summ/Tloc      0%         N/A       100%        7


Dungeon Overview and Level Annotations

Branches:
Dungeon (3/15)

Altars:
Makhleb
Xom


Innate Abilities, Weirdness & Mutations

You cannot be hasted, slowed, berserked, paralysed or teleported.
You can dig through walls and to a lower floor.
You have a pair of large antennae on your head. (SInv)
Your four strong arms can wield two-handed weapons with a shield.


Message History

There is an open door here.
You see here a +0 leather armour.
The orc priest shouts!
An orc priest is nearby!
The orc priest casts a cantrip, but nothing happens.
You extend your mandibles.
You dig through the rock wall.
You retract your mandibles.
There is a stone staircase leading up here.
You climb upwards.
There is a stone staircase leading down here.
You see here a +0 club.
There is a fountain of clear blue water here.
You see here 25 bolts.
Things that are here:
a +0 chain mail; a +0 whip
There is a stone staircase leading down, spattered with blood here.
You climb downwards.
The orc priest misses you.
There is a stone staircase leading up here.
The orc priest invokes the aid of Beogh against you.
Beogh smites you!
Ouch! That really hurt!
You climb upwards.
There is a stone staircase leading down, spattered with blood here.
Unknown command.
Unknown command.
Unknown command.
You feel very mighty all of a sudden.
The orc priest hits you but does no damage.
a - a +0 long sword (weapon)
You barely miss the orc priest.
The orc priest looks braver for a moment.
You hit the orc priest.
The orc priest is moderately wounded.
The orc priest closely misses you. The orc priest hits you with a +0 club.
You barely miss the orc priest.
The orc priest is moderately wounded.
The orc priest mumbles some strange prayers to Beogh against you.
Beogh smites you!
You die...

#.# #.# #.# #.# #.# #.#
#.# #.#####
#.###.#####.# #......
#...........## #..#...
#####.######.###...⌠..
#(# ##.....#..# #.#
#.##....## #[# #.##...##
#@# #(##.###
#######o#######.##.#####
#............##.##......
#.#####.####.##.#######.
#.# #.# #.##.# #. #.#
#.# #.##.#######. #.#
#.# #.##.......#. #.#
#.# #.########.#. #.#
#.# #.# #####.#.


You could see an orc priest.

Vanquished Creatures
  A worm (D:3)
  2 dart slugs
  2 orcs
  3 bats
  6 goblins
  3 hobgoblins
  A kobold (D:1)
  A quokka (D:1)
  A ball python (D:1)
  2 frilled lizards (D:1)
  3 rats
25 creatures vanquished.

Notes
Turn   | Place    | Note
-------+----------+-------------------------------------------
     0 | D:1      | 1player the Formicid Fighter began the quest for the Orb.
     0 | D:1      | Reached XP level 1. HP: 18/18 MP: 1/1
   163 | D:1      | You fall into a shaft and drop 1 floor!
   239 | D:2      | Reached XP level 2. HP: 16/24 MP: 2/2
   355 | D:1      | Found a faded altar of an unknown god.
   833 | D:1      | Reached XP level 3. HP: 18/30 MP: 3/3
  1253 | D:2      | Noticed a wight
  1364 | D:2      | Found a burning altar of Makhleb.
  1559 | D:3      | Found a shimmering altar of Xom.
  1749 | D:3      | Reached skill level 4 in Fighting
  1863 | D:3      | Identified the Incunabulum of the Supportive Voyage
  2400 | D:2      | Killed from afar by an orc priest

Illustrated notes

Levels and vault maps discovered:
D:1:      minmay_arrival_solitary_statue, layout_loops_cross,
          chequers_ecumenical_altar_simple_redux
D:2:      layout_loops_ring, basic_altar, hangedman_feature_mirror,
          lightli_corner_chamber
D:3:      layout_basic, lemuel_round_altar, uniq_jessica, uniq_terence

Skill      XL: |  1  2  3 |
---------------+----------+-----
Fighting       | 4 |  4.1
Long Blades    | |  2.9
Armour         | |  3.2
Shields        | |  3.6

Action                   || total
-------------------------++-------
Melee: Long sword        ||    27
       Dagger            ||    76
 Abil: Dig               ||    14
  Use: Scroll            ||     1
       Potion            ||     1
Armor: Scale mail        ||    34
       Ring mail         ||     9
Dodge: Dodged            ||    42
Block: Kite shield       ||     1
       Rpst.: Long sword ||     2

Table legend: (Time is in decaauts)
 A = Elapsed time spent in this place.
 B = Non-inter-level travel time spent in this place.
 C = Inter-level travel time spent in this place.
 D = Time resting spent in this place.
 E = Time spent auto-exploring this place.
 F = Levels seen in this place.
 G = Mean time per level.
                   A        B        C        D        E       F      G
               +--------+--------+--------+--------+--------+-----+--------+
         Total |   2416 |   2262 |    154 |    632 |    586 |   3 |  805.3 |
       Dungeon |   2416 |   2262 |    154 |    632 |    586 |   3 |  805.3 |
               +--------+--------+--------+--------+--------+-----+--------+

Top non-repeatable levels by time:
     D:2: 973 daAuts
     D:1: 890 daAuts
     D:3: 551 daAuts
